 Dungeon Crawl Stone Soup version 0.23-a0-407-g92528d7c89 (webtiles) character file.

346 Nixze the Stinger (level 6, 0/44 HPs)
             Began as a Gnoll Venom Mage on Nov 7, 2018.
             Slain by a mummy (14 damage)
             ... in an ossuary.
             The game lasted 00:10:56 (4407 turns).

Nixze the Stinger (Gnoll Venom Mage)                Turns: 4407, Time: 00:10:57

Health: 0/44       AC:  4    Str: 10    XL:     6   Next: 59%
Magic:  14/14      EV: 15    Int: 22    God:
Gold:   203        SH:  4    Dex: 15    Spells: 5/15 levels left

rFire    . . .     SeeInvis .   f - +1 spear
rCold    . . .     Gourm    .   (no shield)
rNeg     . . .     Faith    .   a - +1 robe
rPois    .         Spirit   .   (no helmet)
rElec    .         Reflect  +   y - +0 cloak (curse)
rCorr    .         Harm     .   (no gloves)
MR       .....                  (no boots)
Stlth    +++.......             g - +4 amulet of reflection
HPRegen  0.14/turn              b - +2 ring of intelligence
MPRegen  0.14/turn              (no ring)

@: no status effects
A: distributed training, fangs 1, strong nose
a: no special abilities


You were in an ossuary.
You were not hungry.

You visited 1 branch of the dungeon, and saw 4 of its levels.
You also visited: Ossuary.

You collected 203 gold pieces.

Inventory:

Hand Weapons
 f - a +1 spear (weapon)
Armour
 a - a +1 robe (worn)
 y - a cursed +0 cloak (worn)
Jewellery
 b - a +2 ring of intelligence (left hand)
 g - a +4 amulet of reflection (around neck)
 h - an uncursed amulet of harm {unknown}
Wands
 r - a wand of flame (17)
 s - a wand of clouds (6)
 v - a wand of digging (6)
Scrolls
 e - a scroll of enchant armour
 i - 3 scrolls of enchant weapon
 n - 4 scrolls of blinking
 o - a scroll of amnesia {unknown}
 p - 3 scrolls of remove curse
 t - a scroll of random uselessness
 u - 4 scrolls of identify
 z - a scroll of magic mapping {unknown}
 B - a scroll of fear {unknown}
Potions
 d - 2 potions of curing
 j - 4 potions of haste
 k - a potion of degeneration {unknown}
 l - a potion of experience {unknown}
 m - a potion of cancellation {unknown}
 q - a potion of magic {unknown}
 w - 2 potions of might {unknown}
 C - 3 potions of agility {unknown}
Comestibles
 c - 12 rations


   Skills:
 + Level 2.0 Fighting
 + Level 2.0 Short Blades
 + Level 2.0 Long Blades
 + Level 2.0 Axes
 + Level 2.0 Maces & Flails
 + Level 2.0 Polearms
 + Level 2.0 Staves
 + Level 2.0 Slings
 + Level 2.0 Bows
 + Level 2.0 Crossbows
 + Level 2.0 Throwing
 + Level 2.0 Armour
 + Level 5.0 Dodging
 + Level 4.6 Stealth
 + Level 2.0 Shields
 + Level 2.0 Unarmed Combat
 + Level 5.4 Spellcasting
 + Level 2.6 Conjurations
 + Level 1.5 Hexes
 + Level 1.5 Charms
 + Level 1.5 Summonings
 + Level 1.5 Necromancy
 + Level 1.5 Translocations
 + Level 1.5 Transmutations
 + Level 1.5 Fire Magic
 + Level 1.5 Ice Magic
 + Level 1.5 Air Magic
 + Level 1.5 Earth Magic
 + Level 5.6 Poison Magic
 + Level 2.2 Invocations
 + Level 2.0 Evocations


You had 5 spell levels left.
You knew the following spells:

 Your Spells              Type           Power        Failure   Level  Hunger
a - Sting                 Conj/Pois      ###.         1%          1    None
b - Poisonous Vapours     Pois/Air       ###...       3%          2    None
c - Mephitic Cloud        Conj/Pois/Air  ###.....     8%          3    ##.....
d - Olgreb's Toxic Radia  Pois           ####....     10%         4    ####...

Your spell library contained the following spells:

 Spells                   Type           Power        Failure   Level  Hunger
 Venom Bolt               Conj/Pois      ###.......   43%         5    #####..


Dungeon Overview and Level Annotations

Branches:
Dungeon (4/15)
 Temple: D:4-7

Altars:
Hepliaklqana
Trog
Uskayaw
Xom
Zin


Innate Abilities, Weirdness & Mutations

Your experience applies equally to all skills.
You have very sharp teeth.
Your uncanny sense of smell can sniff out nearby items.


Message History

Press: ? - help, Dir - move target cursor, f/p - mummy
Aim: a mummy You hit the mummy.
The mummy is lightly damaged.
You hit the mummy.
The mummy is moderately damaged.
The mummy hits you.
You hit the mummy but do no damage.
The mummy is moderately damaged.
You hit the mummy.
The mummy is moderately damaged.
The mummy barely misses you.
You barely miss the mummy.
The mummy is moderately damaged.
The mummy hits you!
You hit the mummy.
The mummy is heavily damaged.
The mummy hits you!! The mummy hits you!
You die...

##......##
##....## ∆
#....# ∆
#....# ∆
∆∆ #....#
∆∆ #....#
∆∆∆ #....#
∆ ∆∆∆
#....# ∆∆
∆ #@MM.#
∆∆ ∆
#.∩∩.# ∆
######


You could see 2 mummies.

Vanquished Creatures
  3 orc priests (D:3)
  An orc wizard (D:3)
  Ijyb (D:3)
  A worker ant (D:4)
  A big kobold zombie (Ossuary)
  3 mummies (Ossuary)
  2 adders
  2 oozes (D:2)
  3 worms (D:2)
  2 dart slugs
  2 leopard geckos
  10 orcs (D:3)
  11 bats
  3 giant cockroaches (D:2)
  A gnoll zombie (Ossuary)
  6 goblins
  7 hobgoblins
  3 jackals (D:2)
  A quokka (D:3)
  6 frilled lizards
  2 hobgoblin zombies (Ossuary)
  8 kobolds
  2 kobold zombies (Ossuary)
  An orc zombie (Ossuary)
  7 rats
89 creatures vanquished.

Notes
Turn   | Place    | Note
-------+----------+-------------------------------------------
     0 | D:1      | Nixze the Gnoll Venom Mage began the quest for the Orb.
     0 | D:1      | Reached XP level 1. HP: 13/13 MP: 6/6
   227 | D:1      | Reached XP level 2. HP: 19/19 MP: 4/7
   862 | D:2      | Learned a level 2 spell: Poisonous Vapours
   891 | D:2      | Reached XP level 3. HP: 25/25 MP: 0/9
  1124 | D:2      | Reached skill level 5 in Spellcasting
  1563 | D:2      | Reached skill level 1 in Invocations
  1811 | D:2      | Reached skill level 1 in Fighting
  1811 | D:2      | Reached skill level 1 in Short Blades
  1811 | D:2      | Reached skill level 1 in Long Blades
  1811 | D:2      | Reached skill level 1 in Axes
  1811 | D:2      | Reached skill level 1 in Maces & Flails
  1811 | D:2      | Reached skill level 1 in Polearms
  1811 | D:2      | Reached skill level 1 in Staves
  1811 | D:2      | Reached skill level 1 in Slings
  1811 | D:2      | Reached skill level 1 in Bows
  1811 | D:2      | Reached skill level 1 in Crossbows
  1811 | D:2      | Reached skill level 1 in Throwing
  1811 | D:2      | Reached skill level 1 in Armour
  1811 | D:2      | Reached skill level 1 in Shields
  1811 | D:2      | Reached skill level 1 in Unarmed Combat
  1811 | D:2      | Reached skill level 1 in Evocations
  1887 | D:2      | Reached XP level 4. HP: 27/32 MP: 9/11
  1940 | D:2      | Learned a level 3 spell: Mephitic Cloud
  1945 | D:2      | Learned a level 4 spell: Olgreb's Toxic Radiance
  2225 | D:3      | Noticed Ijyb
  2577 | D:3      | Killed Ijyb
  2577 | D:3      | Reached skill level 1 in Hexes
  2577 | D:3      | Reached skill level 1 in Charms
  2577 | D:3      | Reached skill level 1 in Summonings
  2577 | D:3      | Reached skill level 1 in Necromancy
  2577 | D:3      | Reached skill level 1 in Translocations
  2577 | D:3      | Reached skill level 1 in Transmutations
  2577 | D:3      | Reached skill level 1 in Fire Magic
  2577 | D:3      | Reached skill level 1 in Ice Magic
  2577 | D:3      | Reached skill level 1 in Air Magic
  2577 | D:3      | Reached skill level 1 in Earth Magic
  2682 | D:3      | Reached XP level 5. HP: 20/37 MP: 7/12
  3138 | D:3      | Reached XP level 6. HP: 28/44 MP: 1/13
  3370 | D:3      | Found a hazy altar of Hepliaklqana.
  3387 | D:3      | Found a faded altar of an unknown god.
  3546 | D:4      | Noticed a phantom
  3547 | D:4      | Noticed a water moccasin
  3642 | D:4      | Found a bloodstained altar of Trog.
  3644 | D:4      | Found a hide-covered altar of Uskayaw.
  3644 | D:4      | Found a glowing silver altar of Zin.
  3817 | D:4      | Found a shimmering altar of Xom.
  3993 | D:4      | Found a sand-covered staircase.
  4062 | Ossuary  | Entered an ossuary
  4279 | Ossuary  | Reached skill level 5 in Dodging
  4407 | Ossuary  | Slain by a mummy

Vault maps used:
D:1:      co_arrival_square_in_a_square_in_a_square, minmay_misc_feat_rugged
D:2:      minmay_diamond_boxcup, first_ration
D:3:      chequers_ecumenical_altar_simple, lemuel_tele_altar, uniq_ijyb
D:4:      kennysheep_mini_moat, minitemple, enter_ossuary_1
Ossuary:  ossuary_tomb_3

Skill      XL: |  1  2  3  4  5  6 |
---------------+-------------------+-----
Conjurations   | 2 |  2.6
Spellcasting   | 5 |  5.4
Invocations    | 1 2 |  2.2
Fighting       | 1 2 |  2.0
Short Blades   | 1 2 |  2.0
Long Blades    | 1 2 |  2.0
Axes           | 1 2 |  2.0
Maces & Flails | 1 2 |  2.0
Polearms       | 1 2 |  2.0
Staves         | 1 2 |  2.0
Slings         | 1 2 |  2.0
Bows           | 1 2 |  2.0
Crossbows      | 1 2 |  2.0
Throwing       | 1 2 |  2.0
Armour         | 1 2 |  2.0
Shields        | 1 2 |  2.0
Unarmed Combat | 1 2 |  2.0
Evocations     | 1 2 |  2.0
Hexes          | 1 |  1.5
Charms         | 1 |  1.5
Summonings     | 1 |  1.5
Necromancy     | 1 |  1.5
Translocations | 1 |  1.5
Transmutations | 1 |  1.5
Fire Magic     | 1 |  1.5
Ice Magic      | 1 |  1.5
Air Magic      | 1 |  1.5
Earth Magic    | 1 |  1.5
Dodging        | 5 |  5.0
Stealth        | |  4.6
Poison Magic   | |  5.6

Action                   |  1- 3 |  4- 6 || total
-------------------------+-------+-------++-------
Melee: Spear             |    33 |    86 ||   119
       Bite              |     2 |     6 ||     8
       Punch             |       |     1 ||     1
 Cast: Sting             |    31 |     6 ||    37
       Poisonous Vapours |    24 |    34 ||    58
       Olgreb's Toxic Ra |       |     6 ||     6
  Use: Scroll            |       |    10 ||    10
       Potion            |       |     2 ||     2
 Stab: Sleeping          |     3 |       ||     3
  Eat: Chunk             |     3 |     7 ||    10
       Ration            |       |     1 ||     1
Armor: Robe              |     3 |     4 ||     7
Dodge: Dodged            |    17 |    46 ||    63
Block: Other             |       |     6 ||     6

Table legend:
 A = Non-vault XP
 B = Vault XP
 C = Vault XP percentage of total XP
 D = Non-vault monster count
 E = Vault monster count
 F = Vault count percentage of total count
                 A         B        C        D         E       F
            +---------+---------+-------+---------+---------+-------
      Total |     356 |     139 |  28.1 |      69 |      20 |  22.5
            +---------+---------+-------+---------+---------+-------
        D:1 |      23 |       0 |   0.0 |      14 |       0 |   0.0
        D:2 |      66 |      21 |  24.1 |      23 |       9 |  28.1
        D:3 |     230 |      36 |  13.5 |      30 |       1 |   3.2
        D:4 |      37 |       0 |   0.0 |       2 |       0 |   0.0
    Ossuary |       0 |      82 | 100.0 |       0 |      10 | 100.0
            +---------+---------+-------+---------+---------+-------
